 Dungeon Crawl Stone Soup version 0.29-a0-359-g541a27f54d (webtiles) character file.

Game seed: 18181632053285729807

2 Artihs the Caller (level 1, 0/13 HPs)
             Began as a Human Summoner on Apr 28, 2022.
             Slain by a rat (1 damage)
             ... on level 1 of the Dungeon.
             The game lasted 00:05:28 (155 turns).

Artihs the Caller (Human Summoner)                   Turns: 155, Time: 00:05:29

Health: 0/13       AC:  2    Str:  8    XL:     1   Next: 33%
Magic:  3/3        EV: 12    Int: 15    God:
Gold:   0          SH:  0    Dex: 13    Spells: 3/4 levels left

rFire   . . .      SeeInvis .   (no weapon)
rCold   . . .      Faith    .   (no shield)
rNeg    . . .      Spirit   .   a - +0 robe
rPois   .          Reflect  .   (no helmet)
rElec   .          Harm     .   (no cloak)
rCorr   .          Rampage  .   (no gloves)
Will    .....                   (no boots)
Stlth   ++........              (no amulet)
HPRegen 0.04/turn               (no ring)
MPRegen 0.08/turn               (no ring)

@: brilliant
A: no striking features
a: no special abilities


You were on level 1 of the Dungeon.
You visited 1 branch of the dungeon, and saw 1 of its levels.

Inventory:

Missiles
 d - 38 stones (quivered)
Armour
 a - a +0 robe (worn)
 g - a +0 ring mail
Scrolls
 c - a scroll of teleportation {unknown}
 e - a scroll of identify {unknown}
 f - a scroll of magic mapping {unknown}
 i - a scroll of vulnerability {unknown}
Potions
 b - 2 potions of magic


   Skills:
 + Level 2.0 Dodging
 + Level 2.0 Stealth
 + Level 2.0 Spellcasting
 + Level 4.1 Summonings


You had 3 spell levels left.
You knew the following spells:

 Your Spells              Type           Power      Damage    Failure   Level
a - Summon Small Mammal   Summ           80%        N/A       4%          1

Your spell library contained the following spells:

 Spells                   Type           Power      Damage    Failure   Level
 Call Imp                 Summ           20%        N/A       6%          2
 Call Canine Familiar     Summ           20%        N/A       12%         3
 Summon Guardian Golem    Hex/Summ       11%        N/A       28%         3
 Summon Lightning Spire   Summ/Air       11%        N/A       67%         4


Dungeon Overview and Level Annotations

Branches:
Dungeon (1/15)

Altars:


Message History

Found a ring mail.
A kobold comes into view. It is wielding a +0 whip.
Found a plate armour.
The kobold shouts!
Casting: Summon Small Mammal (safe; 4% risk of failure)
Confirm with . or Enter, or press ? or * to list all spells.
A rat comes into view.
Your quokka bites the kobold.
The kobold barely misses you.
You barely miss the kobold.
The kobold is severely wounded.
Your quokka barely misses the kobold.
The kobold hits you with a +0 whip.
You completely miss the kobold.
The kobold is severely wounded.
Your quokka bites the kobold but does no damage.
The kobold hits you with a +0 whip.
Your quokka bites the kobold but does no damage.
You catch the helpless kobold completely off-guard!
You hit the kobold but do no damage.
The kobold is severely wounded.
Your quokka closely misses the kobold.
The kobold barely misses you.
You hit the kobold but do no damage.
The kobold is severely wounded.
Your quokka barely misses the kobold.
The kobold hits you with a +0 whip. The rat barely misses your quokka.
The kobold attacks as you move away! The kobold hits you with a +0 whip.
* * * LOW HITPOINT WARNING * * *
Your quokka bites the kobold.
The kobold dies!
It was a potion of brilliance.
You feel clever all of a sudden.
Your quokka closely misses the rat.
Your quokka misses the rat.
You see here a +0 ring mail.
You hit the rat.
The rat is severely wounded.
The rat bites you but does no damage.
You barely miss the rat.
The rat is severely wounded.
Your quokka barely misses the rat.
The rat bites you.
You die...

..... #................
P....####.....PPPPP#.....
≈≈............P$$$P#.....
≈P[.[.........P$$$P......
P.....).......P$$$P......
..............PPPPP#.....
.....$..r..##############
.##.....r..# #.....@..#
#........# #........#
#........# PP........#
≈P........# ≈≈#########
.≈


You could see a rat (ally target) and a friendly quokka (summoned).

Vanquished Creatures (collateral kills)
  A quokka (D:1)
  A kobold (D:1)
2 creatures vanquished.

Notes
Turn   | Place    | Note
-------+----------+-------------------------------------------
     0 | D:1      | Artihs the Human Summoner began the quest for the Orb.
     0 | D:1      | Reached XP level 1. HP: 13/13 MP: 3/3
   155 | D:1      | Slain by a rat

Illustrated notes

Levels and vault maps discovered:
D:1:      giann_forest_graveyard, layout_basic,
          hellmonk_ecumenical_altar_leap_of_faith, minmay_gold_behind_fungi,
          serial_bayou_lagoon_a

Action                   || total
-------------------------++-------
Melee: Unarmed           ||     7
 Cast: Summon Small Mamm ||     2
  Use: Potion            ||     1
 Stab: Distracted        ||     1
Armor: Robe              ||     1
Dodge: Dodged            ||     3

Table legend: (Time is in decaauts)
 A = Elapsed time spent in this place.
 B = Non-inter-level travel time spent in this place.
 C = Inter-level travel time spent in this place.
 D = Time resting spent in this place.
 E = Time spent auto-exploring this place.
 F = Levels seen in this place.
 G = Mean time per level.
                   A        B        C        D        E       F      G
               +--------+--------+--------+--------+--------+-----+--------+
         Total |    155 |     31 |    124 |      0 |      0 |   1 |  155.0 |
       Dungeon |    155 |     31 |    124 |      0 |      0 |   1 |  155.0 |
               +--------+--------+--------+--------+--------+-----+--------+

Top non-repeatable levels by time:
     D:1: 155 daAuts
